 Dungeon Crawl Stone Soup version 0.27-a0-1519-gc8121b24ce (webtiles) character file.

Game seed: 11346385834945224670

7911 Conn the Arsonist (level 11, -1/90 (97) HPs)
             Began as an Octopode Fire Elementalist on July 10, 2021.
             Was a Believer of Sif Muna.
             Slain by a wyvern (6 damage)
             ... on level 9 of the Dungeon.
             The game lasted 00:49:59 (13373 turns).

Conn the Arsonist (Octopode Fire Elementalist)     Turns: 13373, Time: 00:49:59

HP:   -1/90 (97)    AC: 29    Str: 15    XL:     11   Next: 22%
MP:   10/23         EV:  2    Int: 20    God:    Sif Muna [**....]
Gold: 624           SH:  7    Dex: 16    Spells: 4/23 levels left

rFire    . . .     SeeInvis +   f - +7 rapier (elec)
rCold    . . .     Faith    .   v - +2 buckler
rNeg     + + +     Spirit   .   (helmet currently unavailable)
rPois    +         Reflect  .   (no amulet)
rElec    .         Harm     .   k - +4 ring of protection
rCorr    .         Rampage  .   u - ring of see invisible
Will     .....     NoTele   +   y - ring of wizardry
Stlth    +++.......             h - ring "Litatsem" {Wiz rPois Str+4 Dex+4 Slay+3}
HPRegen  0.25/turn              (no ring)
MPRegen  0.18/turn              (no ring)
                                (no ring)
                                (no ring)

@: mighty, tree-form, attractive, drained
A: stationary, stasis, torment immunity, boosted hp, almost no armour,
(amphibious), 8 rings, (camouflage 1), (gelatinous body 1), (nimble swimmer 1),
(tentacles), high mp 1, strong 1, (teleportitis 1)
a: Renounce Religion, Channel Magic


You were on level 9 of the Dungeon.
You worshipped Sif Muna.
Sif Muna was pleased with you.
You were a tree.
You visited 2 branches of the dungeon, and saw 11 of its levels.

You collected 624 gold pieces.

Inventory:

Hand Weapons
 a - a +0 dagger
 f - a +7 rapier of electrocution (weapon)
 n - a +2 short sword of venom
Missiles
 d - 57 poisoned darts
 m - 7 datura-tipped darts
 t - 2 throwing nets
 B - a curare-tipped dart
Armour
 v - a +2 buckler (worn)
Magical Staves
 e - a staff of air
Jewellery
 h - the ring "Litatsem" (on tentacle) {Wiz rPois Str+4 Dex+4 Slay+3}
   (You found it on level 7 of the Dungeon)

   [ring of wizardry]

   It improves your spell success rate.
   Str:       It affects your strength (+4).
   Dex:       It affects your dexterity (+4).
   Slay:      It affects your accuracy & damage with ranged weapons and melee
   (+3).
   rPois:     It protects you from poison.
 k - a +4 ring of protection (left branch)
 u - a ring of see invisible (right branch)
 y - a ring of wizardry (on tentacle)
Wands
 p - a wand of iceblast (5)
 s - a wand of flame (19)
 x - a wand of polymorph (13)
 C - a wand of acid (9)
Scrolls
 g - 2 scrolls of magic mapping
 i - 2 scrolls of amnesia
 l - a scroll of identify
 o - 7 scrolls of teleportation
 r - 2 scrolls of silence
Potions
 b - 2 potions of brilliance
 c - 2 potions of mutation
 j - 2 potions of flight


   Skills:
 + Level 2.4 Fighting
 + Level 3.8 Short Blades
 + Level 4.1 Dodging
 + Level 5.9 Stealth
 * Level 3.1 Shields
 + Level 6.7 Spellcasting
 * Level 9.3 Conjurations
 * Level 9.6 Fire Magic
 * Level 3.1 Invocations
 + Level 0.4 Evocations


You had 4 spell levels left.
You knew the following spells:

 Your Spells              Type           Power      Damage    Failure   Level
a - Foxfire               Conj/Fire      100%       2x1d9     1%          1
b - Conjure Flame         Conj/Fire      44%        6-21      1%          3
c - Inner Flame           Hex/Fire       26%        N/A       1%          3
d - Sticky Flame          Conj/Fire      44%        2d6       1%          4
e - Fireball              Conj/Fire      22%        3d10      1%          5
f - Mephitic Cloud        Conj/Pois/Air  19%        N/A       2%          3

Your spell library contained the following spells:

 Spells                   Type           Power      Damage    Failure   Level
 Magic Dart               Conj           100%       1d8       1%          1
 Animate Skeleton         Necr           12%        N/A       3%          1
 Corona                   Hex            6%         N/A       3%          1
 Pain                     Necr           24%        1d5       3%          1
 Call Imp                 Summ           6%         N/A       4%          2
 Ensorcelled Hibernation  Hex/Ice        12%        N/A       4%          2
 Gell's Gravitas          Tloc           3%         N/A       9%          3
 Lesser Beckoning         Tloc           3%         N/A       9%          3
 Teleport Other           Tloc           6%         N/A       9%          3
 Tukima's Dance           Hex            6%         N/A       9%          3
 Vampiric Draining        Necr           3%         2d6       9%          3
 Summon Forest            Summ/Tloc      3%         N/A       56%         5
 Summon Mana Viper        Hex/Summ       6%         N/A       56%         5
 Shadow Creatures         Summ           N/A        N/A       97%         6


Dungeon Overview and Level Annotations

Branches:
Dungeon (10/15)            Temple (1/1) D:5            Lair (0/6) D:9
    Orc: D:9-12

Altars:
Ashenzari
Dithmenos
Elyvilon
Hepliaklqana
Kikubaaqudgha
Okawaru
Qazlal
Ru
Sif Muna
Trog
Wu Jian
Xom
Zin
The Shining One

Shops:
D:2 ?[*:   D:4 *   D:6 *


Innate Abilities, Weirdness & Mutations

You are a tree.
Your roots penetrate the ground, keeping you stationary.
You cannot be teleported.
You are immune to unholy pain and torment.
Your maximum health is greatly increased.
You cannot wear most types of armour.
((You are amphibious.))
You can wear up to eight rings at the same time.
((Your skin changes colour to match your surroundings (Stealth+).))
((Your rubbery body absorbs attacks. (AC +1, EV +1)))
((You are camouflaged near water. (Stealth+)))
((You have tentacles for arms and can constrict up to eight enemies at once.))
You have an increased reservoir of magic. (+10% MP)
Your muscles are strong. (Str +2)
((You are occasionally teleported next to monsters.))


Message History

Aim: a wight, wielding a +5 hand axe and wearing a +0 robe (lightly damaged, 100% to hit)
The sticky flame hits the wight!
The wight is severely damaged.
The wight is covered in liquid flames!
The wight burns!
The killer bee burns!
The killer bee barely misses you. x2; The wight hits you with a +5 hand axe!
* * * LOW HITPOINT WARNING * * *
You feel drained.
* * * LOW HITPOINT WARNING * * *
It was a potion of attraction.
You feel attractive to monsters.
The wight burns!
The killer bee burns!
You kill the killer bee!
Sif Muna accepts your kill. The wight hits you with a +5 hand axe!
* * * LOW HITPOINT WARNING * * *
You feel drained.
* * * LOW HITPOINT WARNING * * *
Really quaff the potion of lignification?
You turn into a tree.
Your roots penetrate the ground.
The wight burns!
You destroy the wight!
Sif Muna accepts your kill. You block the wyvern's attack.
Unknown command.
It was a potion of might.
You feel very mighty all of a sudden. You block the wyvern's attack.
Casting: Sticky Flame (mildly dangerous; 1% risk of failure)
Confirm with . or Enter, or press ? or * to list all spells.
Aiming: Sticky Flame (mildly dangerous; 1% risk of failure)
Press: ? - help, Shift-Dir - straight line, f - wyvern
Aim: a wyvern (100% to hit)
The sticky flame hits the wyvern.
The wyvern is lightly wounded.
The wyvern is covered in liquid flames!
The wyvern burns!
The wyvern barely misses you. The wyvern bites you.
* * * LOW HITPOINT WARNING * * *
You puncture the wyvern!
The wyvern is severely wounded.
The wyvern burns!
The wyvern bites you.
You die...

...≈≈##≈≈≈≈≈##≈≈..#..............
....≈≈#######≈≈...#..............
.....≈≈≈≈≈≈≈≈≈#+###..............
........#.....................###
........#.....................# #
........#......####...........# #
........#......# #....#####..# #
........#......####....#####..###
...............l♣..<.............
#################################


You could see a wyvern (burning).

Vanquished Creatures
  2 two-headed ogres
  Pikel (D:9)
  An ugly thing (D:7)
  A manticore (D:7)
  A cyclops (D:7)
  An unseen horror (D:7)
  A slime creature (D:7)
  Sigmund (D:4)
  A shadow (D:9)
  A wraith (D:9)
  2 wyverns (D:9)
  2 steam dragons (D:7)
  A water moccasin (D:4)
  An acid dragon (D:10)
  2 sky beasts
  An ice beast (D:7)
  3 black bears
  A necrophage (D:7)
  A centaur (D:5)
  3 ogres
  2 phantoms
  3 kobold brigands
  4 bullfrogs
  5 scorpions
  4 killer bees (D:9)
  10 wights
  A howler monkey (D:7)
  A centaur zombie (D:6)
  2 hounds (D:7)
  2 jellies
  2 orc priests (D:5)
  A bullfrog skeleton (D:5)
  Jessica (D:3)
  3 iguanas
  11 orc wizards
  A howler monkey zombie (D:6)
  3 gnolls (D:3)
  11 adders
  A shadow imp (D:4)
  3 white imps (D:7)
  2 worms
  3 dart slugs
  22 orcs
  6 ball pythons
  7 endoplasms
  4 giant cockroaches
  6 hobgoblins
  19 kobolds
  A quokka (D:1)
  7 bats
  A frilled lizard (D:1)
  8 goblins
  9 rats
194 creatures vanquished.

Vanquished Creatures (others)
  578 foxfires
  4 fungi (D:9)
  6 plants (D:9)
588 creatures vanquished.

Grand Total: 782 creatures vanquished

Notes
Turn   | Place    | Note
-------+----------+-------------------------------------------
     0 | D:1      | Conn the Octopode Fire Elementalist began the quest for the
                  | Orb.
     0 | D:1      | Reached XP level 1. HP: 11/11 MP: 3/3
    78 | D:1      | Found a faded altar of an unknown god.
   215 | D:1      | Reached XP level 2. HP: 17/17 MP: 1/5
   733 | D:2      | Found Tuossagofu's Armour Boutique.
   756 | D:2      | Reached XP level 3. HP: 13/21 MP: 3/6
  1094 | D:2      | Found Koorill's Magic Scroll Emporium.
  1375 | D:2      | Reached XP level 4. HP: 27/27 MP: 5/7
  1563 | D:2      | Found Jugut's Assorted Antiques.
  1773 | D:2      | Found Iwuffiom's Book Boutique.
  2211 | D:3      | Reached XP level 5. HP: 31/31 MP: 0/8
  2520 | D:3      | Found a glowing silver altar of Zin.
  3185 | D:3      | Noticed Jessica
  3191 | D:3      | Killed Jessica
  3359 | D:4      | Reached XP level 6. HP: 34/36 MP: 6/10
  3484 | D:4      | Learned a level 3 spell: Conjure Flame
  3488 | D:4      | Learned a level 3 spell: Inner Flame
  3493 | D:4      | Learned a level 4 spell: Sticky Flame
  3543 | D:4      | Gained mutation: You are occasionally teleported next to
                  | monsters. [potion of mutation]
  3543 | D:4      | Gained mutation: You have an increased reservoir of magic.
                  | (+10% MP) [potion of mutation]
  3543 | D:4      | Gained mutation: Your muscles are strong. (Str +2) [potion
                  | of mutation]
  4132 | D:4      | Reached skill level 5 in Fire Magic
  4132 | D:4      | Reached XP level 7. HP: 11/41 MP: 10/13
  4390 | D:4      | Found Wuhaf's Serpentskin Sales.
  4630 | D:4      | Noticed Sigmund
  4647 | D:4      | Killed Sigmund
  4648 | D:4      | Reached skill level 5 in Conjurations
  4826 | D:5      | Entered Level 5 of the Dungeon
  4933 | D:5      | Found a staircase to the Ecumenical Temple.
  4942 | D:5      | Reached XP level 8. HP: 46/46 MP: 11/15
  4950 | Temple   | Entered the Ecumenical Temple
  5068 | Temple   | Became a worshipper of Sif Muna the Loreminder
  6113 | D:6      | Found Fogimpeat's Assorted Antiques.
  6768 | D:6      | Reached skill level 1 in Short Blades
  6943 | D:6      | Reached * piety under Sif Muna
  7066 | D:6      | Reached skill level 1 in Fighting
  7066 | D:6      | Reached skill level 5 in Spellcasting
  7066 | D:6      | Reached XP level 9. HP: 37/53 MP: 11/18
  7625 | D:7      | Found a glowing golden altar of the Shining One.
  7953 | D:6      | Learned a level 5 spell: Fireball
  8702 | D:7      | Noticed a brown ugly thing
  8720 | D:7      | Killed a cyan ugly thing
  9023 | D:7      | Reached XP level 10. HP: 54/59 MP: 9/20
  9023 | D:7      | Noticed a cyclops
  9030 | D:7      | Killed a cyclops
  9031 | D:7      | Reached skill level 5 in Stealth
  9180 | D:7      | Noticed a manticore
  9265 | D:7      | Noticed an unseen horror
  9274 | D:7      | Killed an unseen horror
  9316 | D:7      | Noticed a six-headed hydra
  9321 | D:7      | Killed a manticore
 10910 | D:7      | Identified the ring "Litatsem" {Wiz rPois Str+4 Dex+4
                  | Slay+3}
 10936 | D:7      | Identified the +1 scale mail "Owapennio" {rN+ Int+7}
 11050 | D:8      | Found a shadowy altar of Dithmenos.
 11126 | D:8      | Reached skill level 1 in Shields
 11230 | D:8      | Found an iron altar of Okawaru.
 11295 | D:8      | Found an ornate altar of the Wu Jian Council.
 11542 | D:8      | Found a white marble altar of Elyvilon.
 11670 | D:8      | Learned a level 3 spell: Mephitic Cloud
 11698 | D:8      | Noticed a two-headed ogre
 11720 | D:8      | Killed a two-headed ogre
 11721 | D:8      | Reached skill level 1 in Invocations
 12038 | D:9      | Noticed Pikel
 12045 | D:9      | Killed Pikel
 12168 | D:9      | Found an ancient bone altar of Kikubaaqudgha.
 12345 | D:9      | Reached ** piety under Sif Muna
 12347 | D:9      | Found a shimmering altar of Xom.
 12357 | D:9      | Found a staircase to the Lair.
 12387 | D:9      | Reached XP level 11. HP: 64/64 MP: 20/22
 12879 | D:9      | Noticed a two-headed ogre
 12902 | D:9      | Killed a two-headed ogre
 13296 | D:10     | Entered Level 10 of the Dungeon
 13372 | D:9      | HP: 4/90 [wyvern (3)]
 13373 | D:9      | Slain by a wyvern

Illustrated notes

Levels and vault maps discovered:
D:1:      amcnicky_arrival_feature_with_door, layout_basic,
          hellmonk_ecumenical_altar_pennies_from_heaven
D:2:      layout_loops_ring, serial_shops, nicolae_shop_waterfront, shop, shop,
          shop, grunt_ministairs_2, fountainhead
D:3:      layout_loops_corners, zin_scriptorium, uniq_jessica
D:4:      minmay_skewed_foursquare, layout_rooms, st_stairs_3,
          guppyfry_shop_venom, uniq_sigmund
D:5:      layout_loops_ring, minmay_temple_entry_crystal_x
D:6:      layout_gridville, serial_shops, shop
D:7:      layout_cave_pools, nicolae_overflow_hidden_temple, minmay_the_grid_2x2
          [minmay_the_grid_rooms, minmay_the_grid_spikes, minmay_the_grid_paths,
          minmay_the_grid_prize_four_corners_diamond_a]
D:8:      layout_loops_cross, nicolae_dithmenos_the_darkroom,
          nicolae_wu_jian_glorious_leap, okawaru_ov_weapons_minmay,
          marbit_many_paths
D:9:      layout_stronghold, nicolae_kikubaaqudgha_miasma_corner,
          mainiacjoe_overflow_alcove_1, dpeg_oklobed_lair,
          chequers_serial_rivers_micro_c, minivault_23, water_maze_lemuel,
          uniq_pikel
D:10:     layout_roguey, chei_slow_surprise, minmay_orc_entry_temple_small
Temple:   nicolae_temple_figure_eight

Skill      XL: |  1  2  3  4  5  6  7  8  9 10 11 |
---------------+----------------------------------+-----
Stealth        | 3 4 5 |  5.9
Fire Magic     | 4 5 6 7 8 9 |  9.6
Conjurations   | 2 4 5 6 7 9 |  9.3
Spellcasting   | 3 4 5 6 |  6.7
Short Blades   | 1 2 3 |  3.8
Dodging        | 3 4 |  4.1
Fighting       | 1 2 |  2.4
Shields        | 2 3 |  3.1
Invocations    | 2 3 |  3.1
Evocations     | |  0.4

Action                   |  1- 3 |  4- 6 |  7- 9 | 10-12 || total
-------------------------+-------+-------+-------+-------++-------
Melee: Unarmed           |     3 |       |       |       ||     3
       Constrict         |     5 |     3 |    15 |     5 ||    28
       Dagger            |    10 |     2 |       |       ||    12
       Tentacles         |     2 |     2 |    10 |     7 ||    21
       Short sword       |       |     7 |    53 |     5 ||    65
       Rapier            |       |       |       |    29 ||    29
 Cast: Foxfire           |    44 |   116 |   128 |    46 ||   334
       Sticky Flame      |       |     1 |    19 |     9 ||    29
       Conjure Flame     |       |       |     4 |     7 ||    11
       Fireball          |       |       |     3 |    24 ||    27
       Mephitic Cloud    |       |       |       |     2 ||     2
Evoke: Wand              |       |     1 |       |     3 ||     4
  Use: Potion            |       |     3 |     4 |     4 ||    11
       Scroll            |       |       |     4 |     8 ||    12
 Stab: Sleeping          |     3 |       |     3 |     6 ||    12
       Distracted        |       |       |     1 |       ||     1
Armor: Skin              |       |     8 |    42 |     9 ||    59
Dodge: Dodged            |    17 |    36 |    52 |    46 ||   151
Block: Buckler           |       |       |     6 |    11 ||    17

Table legend: (Time is in decaauts)
 A = Elapsed time spent in this place.
 B = Non-inter-level travel time spent in this place.
 C = Inter-level travel time spent in this place.
 D = Time resting spent in this place.
 E = Time spent auto-exploring this place.
 F = Levels seen in this place.
 G = Mean time per level.
                   A        B        C        D        E       F      G
               +--------+--------+--------+--------+--------+-----+--------+
         Total |  13380 |  13245 |    135 |   3329 |   6471 |  11 | 1216.4 |
       Dungeon |  13232 |  13124 |    108 |   3329 |   6363 |  10 | 1323.2 |
        Temple |    147 |    120 |     27 |      0 |    108 |   1 |  147.0 |
               +--------+--------+--------+--------+--------+-----+--------+

Top non-repeatable levels by time:
     D:7: 2872 daAuts
     D:6: 2044 daAuts
     D:4: 1547 daAuts
     D:3: 1319 daAuts
     D:9: 1268 daAuts
     D:2: 1226 daAuts
     D:5: 1118 daAuts
     D:8: 1034 daAuts
     D:1: 731 daAuts
  Temple: 147 daAuts
    D:10: 68 daAuts
